 Dungeon Crawl Stone Soup version 0.24-a0-616-ge2a249a6fd (webtiles) character file.

Game seed: 14328728890748602739, levelgen mode: deterministic

240 Grimm the Archer (level 5, 0/45 HPs)
             Began as a Centaur Hunter on Sept 14, 2019.
             Was an Initiate of Elyvilon.
             Killed from afar by an orc wizard (7 damage)
             ... with a puff of frost
             ... on level 3 of the Dungeon.
             The game lasted 00:08:56 (2306 turns).

Grimm the Archer (Centaur Hunter)                   Turns: 2306, Time: 00:08:57

Health: 0/45       AC:  7    Str: 14    XL:     5   Next: 80%
Magic:  5/5        EV:  9    Int: 10    God:    Elyvilon [......]
Gold:   228        SH:  0    Dex: 11    Spells: 4/4 levels left

rFire    . . .     SeeInvis .   b - +0 rapier
rCold    . . .     Gourm    .   (no shield)
rNeg     + . .     Faith    .   n - +0 scale mail
rPois    .         Spirit   .   u - +0 helmet
rElec    .         Reflect  .   (no cloak)
rCorr    .         Harm     .   (no gloves)
MR       .....                  (no barding)
Stlth    ..........             q - amulet of regeneration
HPRegen  0.55/turn              p - +2 ring of evasion
MPRegen  0.09/turn              g - ring of positive energy

@: very quick
A: large, hooves 3, deformed body, speed 2, tough skin 3
a: Renounce Religion


You were on level 3 of the Dungeon.
You worshipped Elyvilon.
Elyvilon was noncommittal.
You were not hungry.

You visited 1 branch of the dungeon, and saw 4 of its levels.

You collected 228 gold pieces.

Inventory:

Hand Weapons
 a - a +1 shortbow
 b - a +0 rapier (weapon)
Missiles
 d - 26 arrows
 j - 27 bolts
Armour
 c - a +0 leather armour
 n - a +0 scale mail (worn)
 u - a +0 helmet (worn)
Jewellery
 g - a ring of positive energy (right hand)
 m - an uncursed ring of flight
 p - a +2 ring of evasion (left hand)
 q - an amulet of regeneration (around neck)
Scrolls
 e - a scroll of magic mapping {unknown}
 h - 3 scrolls of immolation
 k - 2 scrolls of remove curse {unknown}
 l - a scroll of amnesia
 r - a scroll of teleportation {unknown}
 t - a scroll of fear
Potions
 i - 2 potions of curing
 o - a potion of heal wounds {unknown}
 v - a potion of agility {unknown}
Comestibles
 f - 9 rations


   Skills:
 + Level 3.1 Fighting
 + Level 8.1 Bows
 + Level 2.2 Dodging
 - Level 0.4 Stealth


You had 4 spell levels left.
You didn't know any spells.
Your spell library contained the following spells:

 Spells                   Type           Power        Failure   Level  Hunger
 Corona                   Hex            #......      86%         1    ##.....
 Ensorcelled Hibernation  Hex/Ice        #.....       95%         2    ###....
 Confuse                  Hex            #.......     99%         3    ####...
 Dazzling Spray           Conj/Hex       #.....       99%         3    ####...
 Tukima's Dance           Hex            #.......     99%         3    ####...


Dungeon Overview and Level Annotations

Branches:
Dungeon (4/15)
 Temple: D:4-7

Altars:
Elyvilon


Innate Abilities, Weirdness & Mutations

You have hooves in place of feet.
Armour fits poorly on your strangely shaped body.
You cover ground very quickly.
You have extremely tough skin. (AC +3)


Message History

The orc priest is heavily wounded.
Something hits you.
* * * LOW HITPOINT WARNING * * *
The orc hits you but does no damage. The orc priest barely misses you.
Something hits you but does no damage.
Unknown command.
You closely miss the orc priest.
The orc priest is heavily wounded.
Something hits you but does no damage. The orc hits you but does no damage.
The orc priest hits you but does no damage.
Something hits you but does no damage. The orc hits you with a +0 dagger.
* * * LOW HITPOINT WARNING * * *
The orc priest calls upon Beogh to heal the orc.
The orc's wounds heal themselves!
A magic dart appears from out of thin air!
The magic dart hits you but does no damage.
The orc priest looks encouraged for a moment.
A puff of frost appears from out of thin air!
The puff of frost hits you!
You die...

#.(....# #.#..#########
#######..(...# #.#<.#
#.....+..()..# #.##.#
.....##..(.(.# #.##.#
##...##....(o# #.##.##
#...##......# #.##.รท#
#...##......# #.###.##
#...##....o.#####.###..#
#...##.........@......>#
##...##.....######.######
............+ ...#
#######.....# #####
#.....# #######


You could see an orc priest.

Vanquished Creatures
  A scorpion (D:4)
  A hound (D:4)
  2 orc wizards (D:3)
  5 adders
  An adder skeleton (D:4)
  2 dart slugs (D:1)
  7 orcs (D:3)
  7 bats
  A giant cockroach (D:3)
  6 goblins
  4 hobgoblins
  A ball python (D:3)
  3 frilled lizards
  5 kobolds
  9 rats
55 creatures vanquished.

Notes
Turn   | Place    | Note
-------+----------+-------------------------------------------
     0 | D:1      | Grimm the Centaur Hunter began the quest for the Orb.
     0 | D:1      | Reached XP level 1. HP: 17/17 MP: 1/1
   239 | D:1      | Reached XP level 2. HP: 20/24 MP: 2/2
   394 | D:1      | Reached skill level 6 in Bows
  1077 | D:2      | Noticed a scorpion
  1077 | D:2      | You fall into a shaft and drop 2 floors!
  1137 | D:4      | Reached XP level 3. HP: 29/29 MP: 3/3
  1157 | D:4      | Reached skill level 7 in Bows
  1157 | D:4      | Reached XP level 4. HP: 36/36 MP: 4/4
  1454 | D:3      | Reached XP level 5. HP: 40/42 MP: 5/5
  1819 | D:3      | Reached skill level 8 in Bows
  1961 | D:3      | Found a white marble altar of Elyvilon.
  1993 | D:3      | Became a worshipper of Elyvilon the Healer
  2306 | D:3      | Killed from afar by an orc wizard

Levels and vault maps discovered:
D:1:      dpeg_arrival_rooms_b, layout_loops_ring, minmay_misc_feat_rows,
          chequers_avenue, minmay_tetromino_t4
D:2:      layout_loops_corners, makhleb_altar_promises_db,
          nicolae_overflow_crystal_walls, chequers_serial_rivers_marsh,
          kennysheep_generic_room_14
D:3:      layout_basic, lemuel_doored_altar
D:4:      layout_loops_ring

Skill      XL: |  1  2  3  4  5 |
---------------+----------------+-----
Bows           | 6 7 8 |  8.1
Dodging        | 2 |  2.2
Fighting       | 3 |  3.1
Stealth        | |  0.4

Action                   |  1- 3 |  4- 6 || total
-------------------------+-------+-------++-------
Melee: Short sword       |    70 |       ||    70
       Kick              |    11 |    11 ||    22
       Rapier            |       |    50 ||    50
 Fire: Shortbow          |     8 |    78 ||    86
  Use: Scroll            |     6 |     1 ||     7
       Potion            |       |     1 ||     1
  Eat: Chunk             |       |     3 ||     3
Armor: Leather armour    |    32 |       ||    32
       Scale mail        |     3 |    43 ||    46
Dodge: Dodged            |    34 |    43 ||    77

Table legend:
 A = Non-vault XP
 B = Vault XP
 C = Vault XP percentage of total XP
 D = Non-vault monster count
 E = Vault monster count
 F = Vault count percentage of total count
                 A         B        C        D         E       F
            +---------+---------+-------+---------+---------+-------
      Total |     339 |       5 |   1.5 |      52 |       3 |   5.5
            +---------+---------+-------+---------+---------+-------
        D:1 |      31 |       5 |  13.9 |      20 |       3 |  13.0
        D:2 |       4 |       0 |   0.0 |       3 |       0 |   0.0
        D:3 |     175 |       0 |   0.0 |      25 |       0 |   0.0
        D:4 |     129 |       0 |   0.0 |       4 |       0 |   0.0
            +---------+---------+-------+---------+---------+-------
